[Event "Titled Tuesday Blitz July 4 Early 2023"]
[White "Andreassen, Lars"]
[Black "Williams, Simon K"]
[WhiteFideId "1504878"]
[BlackFideId "404454"]
[WhiteElo "2279"]
[BlackElo "2691"]
[Result "0-1"]
[Round "8"]
[TimeControl "180+2"]
[Date "2023.07.04"]
[WhiteClock "0:00:00"]
[BlackClock "0:00:14"]
[Board "54"]

1. d4 e6 2. Nf3 f5 3. Bg5 Be7 4. Bxe7 Qxe7 5. c4 Nf6 6. Nc3 b6 7. g3 Bb7 8. Bg2 Ne4 9. Qc2 Nxc3 10. Qxc3 O-O 11. O-O Be4 12. Ne1 Bxg2 13. Nxg2 d6 14. Rac1 Nd7 15. b4 a5 16. a3 axb4 17. axb4 Nf6 18. f3 e5 19. e3 Rae8 20. c5 bxc5 21. bxc5 Kh8 22. cxd6 cxd6 23. dxe5 dxe5 24. Rfd1 e4 25. f4 Rd8 26. Rxd8 Rxd8 27. h3 Qd7 28. Nh4 Qd5 29. Qc5 Qxc5 30. Rxc5 g6 31. Ng2 Rd1+ 32. Kf2 Rd2+ 33. Kf1 Nd5 34. g4 Kg7 35. gxf5 gxf5 36. Ra5 h5 37. Rc5 Kf6 38. Rc6+ Kg7 39. Rc5 Kf7 40. Ra5 Ke6 41. Ra6+ Ke7 42. Ra7+ Kd6 43. Ra6+ Kc5 44. Ra5+ Kc4 45. Ra4+ Kb3 46. Ra5 Kc3 47. Ra3+ Kb4 48. Ra1 Nc3 49. Ra7 Nd5 50. Rb7+ Kc4 51. Rb1 Nb4 52. Rc1+ Kd5 53. Rb1 Nd3 54. Rb5+ Kc4 55. Rxf5 Rf2+ 56. Kg1 Rf3 57. Rxh5 Nc1 58. Re5 Kd3 59. Rd5+ Ke2 0-1


[Site "https://www.chess.com"]

[Event "Titled Tuesday Blitz July 4 Early 2023"]
[White "Makarian, Rudik"]
[Black "Akhmedinov, Satbek"]
[WhiteFideId "44105681"]
[BlackFideId "13714287"]
[WhiteElo "2966"]
[BlackElo "2675"]
[Result "1-0"]
[Round "8"]
[TimeControl "180+2"]
[Date "2023.07.04"]
[WhiteClock "0:00:09"]
[BlackClock "0:00:02"]
[Board "55"]

1. Nf3 Nf6 2. g3 g6 3. Bg2 Bg7 4. O-O O-O 5. a4 d5 6. a5 c6 7. d4 Nbd7 8. c3 Re8 9. Bf4 Nh5 10. Bg5 h6 11. Bc1 e5 12. dxe5 Nxe5 13. Nxe5 Rxe5 14. Nd2 Bg4 15. Nf3 Re8 16. h3 Bd7 17. a6 b6 18. Ra4 c5 19. Rh4 Bc6 20. Rxh5 gxh5 21. Bf4 Bb5 22. Re1 Qd7 23. Nh4 Rad8 24. e3 d4 25. Qxh5 Qe6 26. Nf5 Kh7 27. g4 Qg6 28. Qh4 dxc3 29. bxc3 Bxc3 30. Nxh6 Bf6 31. g5 Bc3 32. Rc1 Bd2 33. Rd1 Be2 34. Ng4+ Kg7 35. Rxd2 Rxd2 36. Nf6 Rh8 37. Qg3 Rd1+ 38. Kh2 Bf1 39. Be5 Bxg2 40. Ng4+ Kg8 41. Bxh8 Be4 42. Qb8+ Kh7 43. Nf6+ Qxf6 44. Bxf6 Rh1+ 45. Kg3 Rg1+ 46. Kf4 1-0


[Site "https://www.chess.com"]

[Event "Titled Tuesday Blitz July 4 Early 2023"]
[White "Kosakowski, Jakub"]
[Black "Kovacevic, Radmila"]
[WhiteFideId "1185080"]
[BlackFideId "933171"]
[WhiteElo "2826"]
[BlackElo "2252"]
[Result "1-0"]
[Round "8"]
[TimeControl "180+2"]
[Date "2023.07.04"]
[WhiteClock "0:02:36"]
[BlackClock "0:00:57"]
[Board "56"]

1. e4 e5 2. Nf3 d5 3. exd5 e4 4. Qe2 Nf6 5. d3 Qxd5 6. Nbd2 Be7 7. dxe4 Qd8 8. g3 O-O 9. Bg2 Nc6 10. O-O Bg4 11. h3 Nd4 12. Qd3 Nxf3+ 13. Nxf3 Qxd3 14. cxd3 Be6 15. Be3 Rfd8 16. Rfd1 h6 17. Nd4 Bc8 18. Rac1 c6 19. a3 Nd7 20. f4 a5 21. e5 Nc5 22. Nxc6 bxc6 23. Bxc5 Bxc5+ 24. Rxc5 Bf5 25. d4 Ra6 26. Rxc6 Rxc6 27. Bxc6 Bxh3 28. d5 Bg4 29. Rd4 Rb8 30. b4 axb4 31. Rxb4 Rc8 32. a4 Kf8 33. a5 Be2 34. Rb6 Rc7 35. a6 Ra7 36. Rb8+ 1-0


[Site "https://www.chess.com"]

[Event "Titled Tuesday Blitz July 4 Early 2023"]
[White "Bharath Subramaniyam H"]
[Black "Thecourseoisildur"]
[WhiteFideId "46634827"]
[WhiteElo "2811"]
[BlackElo "2554"]
[Result "1-0"]
[Round "8"]
[TimeControl "180+2"]
[Date "2023.07.04"]
[WhiteClock "0:00:11"]
[BlackClock "0:00:00"]
[Board "57"]

1. b3 e5 2. Bb2 Nc6 3. c4 Nf6 4. e3 d5 5. cxd5 Nxd5 6. a3 a6 7. Qc2 Qf6 8. Nf3 Bf5 9. d3 Bg6 10. Nbd2 O-O-O 11. Be2 Bd6 12. Ne4 Qe7 13. b4 f5 14. Nxd6+ Qxd6 15. O-O e4 16. dxe4 fxe4 17. Nd4 Nxd4 18. Bxd4 Nf4 19. Bg4+ Kb8 20. Bc5 Qd3 21. Qxd3 Nxd3 22. Bd4 Rhg8 23. Rfb1 h5 24. Be6 Rge8 25. Bb3 Rf8 26. Rf1 Rd7 27. a4 Nf4 28. Ra2 Bf7 29. Bxf7 Rfxf7 30. b5 Ne6 31. Be5 axb5 32. axb5 Rd5 33. Rfa1 Kc8 34. Ra8+ Kd7 35. Bg3 g5 36. h4 gxh4 37. Bxh4 Rxb5 38. Rd1+ Kc6 39. Ra4 Nc5 40. Rc4 Rd7 41. Rdc1 b6 42. Rxe4 Kb7 43. Re5 Rb4 44. Rxh5 Nd3 45. Rf1 c5 46. f4 c4 47. Bf6 Rc7 48. Rd5 Nb2 49. Bc3 Rb3 50. Be5 Rc5 51. Rd7+ Kc6 52. Rd6+ Kb5 53. f5 Rxe5 54. f6 Re8 55. f7 Rf8 56. Re6 c3 57. Re8 Rxf7 58. Rxf7 c2 59. Rf5+ Kb4 60. Rf1 Nd3 61. Rc8 Rc3 62. Rxc3 Kxc3 63. g4 c1=Q 64. Rxc1+ Nxc1 65. g5 Nd3 66. g6 Kd2 67. g7 Kxe3 68. g8=Q b5 69. Qb3 b4 70. Kf1 Kd2 71. Qb1 Kc3 72. Ke2 Nc5 73. Qc1+ Kd4 74. Qf4+ Kd5 75. Qxb4 Ne6 76. Qd2+ Ke5 77. Ke3 Kf5 78. Qd5+ Kf6 79. Ke4 Ng5+ 80. Kf4 Ne6+ 81. Kg4 Ng7 82. Qg5+ Kf7 83. Qe5 Kg6 84. Qd6+ Kf7 85. Kg5 Ne6+ 86. Kf5 Ng7+ 87. Ke5 Kg8 88. Qe7 Kh8 89. Kf6 Nh5+ 90. Kg6 Nf4+ 91. Kh6 Ng6 92. Qe8+ 1-0


[Site "https://www.chess.com"]

[Event "Titled Tuesday Blitz July 4 Early 2023"]
[White "Rodchenkov, Sergey D."]
[Black "Hambleton, Aman"]
[WhiteFideId "4168712"]
[BlackFideId "2606577"]
[WhiteElo "2553"]
[BlackElo "2768"]
[Result "0-1"]
[Round "8"]
[TimeControl "180+2"]
[Date "2023.07.04"]
[WhiteClock "0:00:46"]
[BlackClock "0:00:07"]
[Board "58"]

1. e4 c5 2. Nf3 e6 3. d4 cxd4 4. Nxd4 Nc6 5. Nc3 Qc7 6. a3 a6 7. Be3 b5 8. f4 Bb7 9. e5 Nxd4 10. Qxd4 Ne7 11. O-O-O Nf5 12. Qd3 Nxe3 13. Qxe3 Rc8 14. Bd3 Bxa3 15. Bxb5 axb5 16. Kb1 b4 17. Rd3 Ba6 18. bxa3 Bxd3 19. Qxd3 Qxc3 20. Qxc3 Rxc3 21. axb4 Rc4 22. Kb2 Rxb4+ 23. Kc3 Rb8 24. Ra1 Ke7 25. Kd3 Rhc8 26. c4 Rc6 27. Kd4 Rbc8 28. Ra4 d6 29. h4 dxe5+ 30. fxe5 Rd8+ 31. Ke4 Rc7 32. g4 h6 33. g5 hxg5 34. hxg5 Rd1 35. Ra8 Rxc4+ 36. Ke3 Rd5 37. Ra7+ Rd7 38. Ra5 Rg4 39. Kf3 Rxg5 40. Kf4 Rf5+ 41. Ke4 g6 42. Ra8 Rd5 43. Rg8 Rdxe5+ 44. Kd4 Rd5+ 45. Ke4 Rd8 0-1


[Site "https://www.chess.com"]

[Event "Titled Tuesday Blitz July 4 Early 2023"]
[White "Namitbir Singh Walia"]
[Black "Mendonca, Leon Luke"]
[WhiteFideId "35071068"]
[BlackFideId "35028561"]
[WhiteElo "2541"]
[BlackElo "2767"]
[Result "0-1"]
[Round "8"]
[TimeControl "180+2"]
[Date "2023.07.04"]
[WhiteClock "0:00:00"]
[BlackClock "0:00:14"]
[Board "59"]

1. e4 Nf6 2. e5 Ng8 3. d4 d6 4. Nf3 Bg4 5. Be2 e6 6. Nc3 d5 7. Be3 a6 8. Qd2 Nd7 9. h3 Bxf3 10. Bxf3 b5 11. a3 Nb6 12. b3 Rc8 13. a4 b4 14. Na2 a5 15. c3 bxc3 16. Qxc3 Ne7 17. g4 Ng6 18. Qxa5 Be7 19. O-O O-O 20. Qc3 f6 21. exf6 Rxf6 22. Bg2 Nf4 23. Bxf4 Rxf4 24. Qe3 Bd6 25. Qxe6+ Kh8 26. a5 Nd7 27. a6 Rxd4 28. a7 Nc5 29. Qf5 c6 30. Nc3 Ra8 31. Rfe1 Rf4 32. Qh5 Rf8 33. b4 Nd3 34. b5 Nxe1 35. Rxe1 Qb6 36. bxc6 Qxf2+ 37. Kh1 Qxe1+ 0-1


[Site "https://www.chess.com"]

[Event "Titled Tuesday Blitz July 4 Early 2023"]
[White "Bruedigam, Martin"]
[Black "Ashraf, Artin"]
[WhiteFideId "24608033"]
[BlackFideId "22514805"]
[WhiteElo "2545"]
[BlackElo "2737"]
[Result "1-0"]
[Round "8"]
[TimeControl "180+2"]
[Date "2023.07.04"]
[WhiteClock "0:00:34"]
[BlackClock "0:00:00"]
[Board "60"]

1. c4 Nf6 2. g3 c6 3. Bg2 d5 4. b3 e5 5. Bb2 Bd6 6. d3 O-O 7. Nc3 d4 8. Ne4 Nxe4 9. Bxe4 f5 10. Bg2 Bb4+ 11. Kf1 Be6 12. Nf3 Nd7 13. Ne1 Nf6 14. Nc2 Bd6 15. b4 Qe7 16. a3 Rad8 17. a4 f4 18. gxf4 Ng4 19. h3 Nh6 20. c5 Bc7 21. Bc1 exf4 22. Ne1 Nf5 23. Bf3 Nh4 24. Bg4 Bd5 25. Nf3 Nf5 26. Rg1 Kh8 27. Bb2 Be6 28. Bxf5 Bxf5 29. Bxd4 Bxh3+ 30. Ke1 Rxd4 31. Nxd4 Be5 32. Nf3 Bc3+ 33. Nd2 Bxa1 34. Qxa1 Bf5 35. Kd1 Re8 36. Kc2 h6 37. Qd4 Kh7 38. Qxf4 Rf8 39. Qd4 Qf7 40. Kb2 Bg6 41. f3 a5 42. bxa5 Ra8 43. Nc4 Qe6 44. e4 Rf8 45. Qd6 1-0


[Site "https://www.chess.com"]

[Event "Titled Tuesday Blitz July 4 Early 2023"]
[White "Papasimakopoulos, Alexandros"]
[Black "Osmak, Yuliia"]
[WhiteFideId "4244125"]
[BlackFideId "14101602"]
[WhiteElo "2685"]
[BlackElo "2540"]
[Result "1-0"]
[Round "8"]
[TimeControl "180+2"]
[Date "2023.07.04"]
[WhiteClock "0:00:44"]
[BlackClock "0:00:19"]
[Board "61"]

1. Nf3 d5 2. b3 Nf6 3. Bb2 g6 4. g3 Bg7 5. Bg2 O-O 6. O-O c5 7. e3 Nc6 8. d4 cxd4 9. Nxd4 Re8 10. c4 e5 11. Nxc6 bxc6 12. cxd5 cxd5 13. Nc3 Be6 14. Na4 Qd6 15. Rc1 Rac8 16. Qd2 Bf8 17. Rfd1 Rxc1 18. Rxc1 Rc8 19. Rxc8 Bxc8 20. Qc3 Bd7 21. Qxe5 Qxe5 22. Bxe5 Ne4 23. Bd4 Bxa4 24. bxa4 a5 25. Kf1 Bb4 26. Ke2 Kf8 27. f3 Nc3+ 28. Kd3 Nxa2 29. f4 Nc1+ 30. Kc2 Ne2 31. Bf6 Bc5 32. Bxd5 Bxe3 33. Kd3 Nxf4+ 34. gxf4 Bxf4 35. Bd8 Bxh2 36. Bxa5 Bb8 37. Bb6 f5 38. a5 Ke7 39. Bc5+ Kf6 40. a6 Ke5 41. Bg8 h5 42. a7 Bxa7 43. Bxa7 Kf4 44. Ke2 g5 45. Kf2 h4 46. Bb8+ Kg4 47. Be6 h3 48. Bh2 Kh4 49. Bxf5 g4 50. Bc8 Kh5 51. Kg3 Kg5 52. Bxg4 Kf6 53. Bxh3 Ke5 54. Kf3+ Kd4 55. Bf5 Kd5 56. Ke3 Kc6 57. Kd4 Kb5 58. Bd7+ Kb4 59. Be5 Kb3 60. Kd3 Kb4 61. Bd6+ Kb3 62. Bb5 Kb2 63. Kd2 Kb3 64. Bc5 Kb2 65. Bc4 Kb1 66. Bb4 Kb2 67. Bd5 Kb1 68. Ba3 Ka1 69. Bb3 Kb1 70. Bb4 Kb2 71. Ba4 Ka2 72. Kc2 Ka1 73. Be8 Ka2 74. Bf7+ 1-0


[Site "https://www.chess.com"]

[Event "Titled Tuesday Blitz July 4 Early 2023"]
[White "Trifan, Andrei Ioan"]
[Black "Petrosian, Karlen"]
[WhiteFideId "12967068"]
[BlackFideId "4176146"]
[WhiteElo "2539"]
[BlackElo "2674"]
[Result "0-1"]
[Round "8"]
[TimeControl "180+2"]
[Date "2023.07.04"]
[WhiteClock "0:00:13"]
[BlackClock "0:00:36"]
[Board "62"]

1. e4 e6 2. d4 d5 3. Nc3 Nf6 4. e5 Nfd7 5. f4 c5 6. Nf3 Nc6 7. Be3 a6 8. Qd2 Qb6 9. Na4 Qb4 10. Qxb4 Nxb4 11. Kd2 b6 12. b3 Bb7 13. Nb2 Rc8 14. c3 Nc6 15. Be2 b5 16. Nd3 c4 17. Nf2 Nb6 18. b4 a5 19. a3 Be7 20. Rhb1 Ra8 21. Ne1 Kd7 22. Nc2 Ra7 23. g4 Rha8 24. Rh1 Na4 25. h4 Nxc3 26. Kxc3 axb4+ 27. axb4 Rxa1 28. Rxa1 Rxa1 29. Nxa1 Bxb4+ 30. Kb2 Ba5 31. f5 b4 32. h5 Bb6 33. h6 g6 34. fxg6 fxg6 35. Nh3 Nxe5 36. Ng5 Ke7 37. Nxh7 Nf7 38. g5 e5 39. Nf6 exd4 40. h7 dxe3 41. Ng8+ Kf8 42. Nh6 Nh8 0-1


[Site "https://www.chess.com"]

[Event "Titled Tuesday Blitz July 4 Early 2023"]
[White "Zhu, Jiner"]
[Black "Tikhonov, Viacheslav"]
[WhiteFideId "8608059"]
[BlackFideId "44196407"]
[WhiteElo "2659"]
[BlackElo "2539"]
[Result "1-0"]
[Round "8"]
[TimeControl "180+2"]
[Date "2023.07.04"]
[WhiteClock "0:00:54"]
[BlackClock "0:00:17"]
[Board "63"]

1. Nf3 Nf6 2. g3 g6 3. Bg2 Bg7 4. O-O O-O 5. d3 d6 6. e4 e5 7. Nc3 h6 8. h3 Nh7 9. Be3 c5 10. Nd5 Nc6 11. Qd2 g5 12. c3 f5 13. exf5 Bxf5 14. h4 e4 15. dxe4 Bxe4 16. Nxg5 Nxg5 17. Bxg5 hxg5 18. Bxe4 gxh4 19. Nf4 Qg5 20. Qd5+ Qxd5 21. Bxd5+ Kh7 22. Be4+ Kh6 23. Ng6 Rfe8 24. Bxc6 bxc6 25. Nxh4 Kg5 26. Rfe1 Rab8 27. Rxe8 Rxe8 28. Rd1 Re2 29. Rxd6 Rxb2 30. Rg6+ Kh5 31. Rxg7 Rxa2 32. Nf5 1-0


[Site "https://www.chess.com"]

[Event "Titled Tuesday Blitz July 4 Early 2023"]
[White "Koellner, Ruben Gideon"]
[Black "Demin, Vladimir"]
[WhiteFideId "12993093"]
[BlackFideId "4167457"]
[WhiteElo "2655"]
[BlackElo "2538"]
[Result "1-0"]
[Round "8"]
[TimeControl "180+2"]
[Date "2023.07.04"]
[WhiteClock "0:02:13"]
[BlackClock "0:01:38"]
[Board "64"]

1. d4 Nf6 2. Nf3 d5 3. Nbd2 e6 4. e3 c5 5. c4 Nc6 6. b3 cxd4 7. exd4 Bb4 8. Bb2 Ne4 9. a3 Bxd2+ 10. Nxd2 Nxd2 11. Qxd2 O-O 12. Be2 Qb6 13. Qc3 Ne7 14. c5 Qc7 15. O-O b6 16. b4 a5 17. g3 Bd7 18. b5 Rfc8 19. c6 Be8 20. a4 Nf5 21. Bd3 Nd6 22. Ba3 Ne4 23. Bxe4 dxe4 24. Qe3 f5 25. Rfd1 Bf7 26. f3 exf3 27. Qxf3 Rd8 28. d5 Rxd5 29. Rxd5 exd5 30. Qxf5 Re8 31. Rf1 h6 32. Bd6 Qa7 33. c7 Be6 34. Qxe6+ Rxe6 35. c8=Q+ 1-0


[Site "https://www.chess.com"]

[Event "Titled Tuesday Blitz July 4 Early 2023"]
[White "Matamoros Franco, Carlos S."]
[Black "Besedes, Danilo"]
[WhiteFideId "3600017"]
[BlackFideId "946796"]
[WhiteElo "2649"]
[BlackElo "2535"]
[Result "0-1"]
[Round "8"]
[TimeControl "180+2"]
[Date "2023.07.04"]
[WhiteClock "0:00:00"]
[BlackClock "0:00:53"]
[Board "65"]

1. c4 d6 2. d4 Nf6 3. Nc3 Nbd7 4. Nf3 e5 5. g3 Be7 6. Bg2 O-O 7. O-O c6 8. e4 Qc7 9. h3 a6 10. a4 a5 11. Be3 Re8 12. Qc2 Nf8 13. Rad1 Ng6 14. b3 h6 15. Bc1 Be6 16. Bb2 c5 17. dxe5 dxe5 18. Nd5 Bxd5 19. exd5 e4 20. Nh2 e3 21. Rfe1 exf2+ 22. Qxf2 Nh5 23. Nf1 Bd6 24. Rxe8+ Rxe8 25. Rd3 b6 26. Qf3 Ne5 27. Bxe5 Rxe5 28. g4 Nf6 29. Ng3 Re1+ 30. Kf2 Bxg3+ 31. Qxg3 Qe7 32. Re3 Rxe3 33. Qxe3 Kf8 34. Qf4 Ne8 35. Qb8 Qd6 36. Qb7 Qf4+ 37. Kg1 Qe3+ 38. Kh2 Qxb3 39. d6 Nxd6 40. Qb8+ Ne8 41. Bc6 Qc2+ 42. Kg1 Qc1+ 43. Kg2 Qd2+ 44. Kg1 Qe3+ 45. Kg2 g6 46. Bxe8 Qxe8 47. Qxb6 Qe4+ 48. Kg3 Qxc4 49. Qxa5 Qb3+ 50. Kf4 c4 0-1


[Site "https://www.chess.com"]

[Event "Titled Tuesday Blitz July 4 Early 2023"]
[White "Kuzmin, Roman"]
[Black "Tan, Jun Ying"]
[WhiteFideId "44134932"]
[BlackFideId "5710413"]
[WhiteElo "2533"]
[BlackElo "2640"]
[Result "0-1"]
[Round "8"]
[TimeControl "180+2"]
[Date "2023.07.04"]
[WhiteClock "0:00:25"]
[BlackClock "0:00:12"]
[Board "66"]

1. e4 g6 2. d4 Bg7 3. Nc3 d5 4. exd5 Nf6 5. Bc4 a6 6. a4 Nbd7 7. a5 b5 8. axb6 Nxb6 9. Bb3 Bb7 10. Nf3 O-O 11. O-O Nfxd5 12. Nxd5 Bxd5 13. Bxd5 Qxd5 14. Re1 Rfd8 15. Bf4 Nc4 16. b3 Nd6 17. c4 Qf5 18. Be5 Bxe5 19. Rxe5 Qf6 20. Qe2 Nf5 21. Qe4 Rab8 22. Rb1 a5 23. Rxa5 Nxd4 24. Nxd4 Rxd4 25. Qe3 Rxc4 26. Re5 e6 27. h3 Rcb4 28. Rc5 R8b7 29. Rc3 Kg7 30. Rbc1 c6 31. Rd3 Qb2 32. Rdc3 Rxb3 33. Qd4+ f6 34. Qc4 Rxc3 35. Rxc3 e5 36. Qxc6 Rf7 37. Rd3 Qb1+ 38. Kh2 Qxd3 0-1


[Site "https://www.chess.com"]

[Event "Titled Tuesday Blitz July 4 Early 2023"]
[White "Shvedova, Alexandra"]
[Black "Soham Kamotra"]
[WhiteFideId "54154782"]
[BlackFideId "46647490"]
[WhiteElo "2531"]
[BlackElo "2635"]
[Result "0-1"]
[Round "8"]
[TimeControl "180+2"]
[Date "2023.07.04"]
[WhiteClock "0:00:08"]
[BlackClock "0:00:18"]
[Board "67"]

1. e4 b6 2. d4 Bb7 3. Bd3 e6 4. Qe2 c5 5. c3 cxd4 6. cxd4 Nc6 7. Nf3 Bb4+ 8. Nc3 Nge7 9. O-O d6 10. a3 Bxc3 11. bxc3 e5 12. Be3 O-O 13. Rfd1 Qc7 14. Rac1 Rac8 15. h4 h6 16. h5 Na5 17. Rc2 Bc6 18. Rb1 Bd7 19. Nh2 Rfe8 20. Ng4 Kh7 21. Qf3 Bxg4 22. Qxg4 Ng8 23. a4 Nc4 24. Bc1 Kh8 25. Qf5 Qe7 26. Re2 Qf6 27. Rb4 Qxf5 28. exf5 Na5 29. Bb2 Nf6 30. dxe5 dxe5 31. Rb5 e4 32. Bb1 Nc4 33. Ba1 Nxh5 34. Rxe4 Nf6 35. Rxe8+ Rxe8 36. Kh2 Re1 37. Bd3 Ne5 38. Bc2 Neg4+ 39. Kg3 Rxa1 40. f3 Ne3 41. Bd3 Ned5 42. c4 Nc3 43. Re5 Nxa4 44. Re7 Nc5 45. Bc2 Kg8 0-1


[Site "https://www.chess.com"]

[Event "Titled Tuesday Blitz July 4 Early 2023"]
[White "Vaibhav Jayant Raut"]
[Black "Womacka, Mathias"]
[WhiteFideId "5089034"]
[BlackFideId "4611390"]
[WhiteElo "2632"]
[BlackElo "2525"]
[Result "1-0"]
[Round "8"]
[TimeControl "180+2"]
[Date "2023.07.04"]
[WhiteClock "0:00:07"]
[BlackClock "0:00:00"]
[Board "68"]

1. e4 c5 2. b3 d6 3. Bb2 Nf6 4. d3 g6 5. Nd2 Bg7 6. Ngf3 O-O 7. g3 Nc6 8. Bg2 d5 9. O-O dxe4 10. dxe4 b6 11. e5 Nd5 12. Re1 Bb7 13. h4 h6 14. h5 g5 15. Qe2 Qd7 16. e6 Qxe6 17. Qxe6 fxe6 18. Bxg7 Kxg7 19. Rxe6 Rf6 20. Rae1 Raf8 21. Nxg5 hxg5 22. Bxd5 Rxf2 23. Ne4 Rxc2 24. Bxc6 Bxc6 25. Rxc6 Rxa2 26. Rg6+ Kh8 27. Rxg5 Rf3 28. Re5 Rxb3 29. Rxe7 Rbb2 30. Kf1 Rh2 31. Re8+ Kg7 32. h6+ Kxh6 33. Rh8+ Kg6 34. Rxh2 Rxh2 35. Nf2 Rh7 36. Ra1 Kf5 37. Ke2 Ke5 38. Kf3 c4 39. g4 Kd4 40. Rd1+ Kc3 41. Ne4+ Kb2 42. Rd2+ Kb3 43. g5 1-0


[Site "https://www.chess.com"]

[Event "Titled Tuesday Blitz July 4 Early 2023"]
[White "Sreyas Payyappat"]
[Black "Niekras, Dawid"]
[WhiteFideId "46674969"]
[BlackFideId "1160451"]
[WhiteElo "2528"]
[BlackElo "2623"]
[Result "0-1"]
[Round "8"]
[TimeControl "180+2"]
[Date "2023.07.04"]
[WhiteClock "0:01:45"]
[BlackClock "0:01:43"]
[Board "69"]

1. e4 c5 2. Nf3 e6 3. d4 cxd4 4. Nxd4 Nc6 5. Nc3 Qc7 6. Be3 a6 7. Be2 Nf6 8. O-O Be7 9. f4 d6 10. Bf3 O-O 11. g4 Nxd4 12. Bxd4 e5 13. Be3 exf4 14. Bxf4 Be6 15. g5 Nd7 16. Bg4 Qb6+ 17. Kh1 Qxb2 18. Bxe6 fxe6 19. Bxd6 Rxf1+ 20. Qxf1 Bxd6 21. Rd1 Qxc3 22. Rxd6 0-1


[Site "https://www.chess.com"]

[Event "Titled Tuesday Blitz July 4 Early 2023"]
[White "Deng, Henry"]
[Black "Kononenko, Dmitry"]
[WhiteFideId "30965454"]
[BlackFideId "14113538"]
[WhiteElo "2518"]
[BlackElo "2621"]
[Result "0-1"]
[Round "8"]
[TimeControl "180+2"]
[Date "2023.07.04"]
[WhiteClock "0:01:30"]
[BlackClock "0:02:23"]
[Board "70"]

1. e4 c6 2. d4 d5 3. Nd2 dxe4 4. Nxe4 Bf5 5. Ng3 Bg6 6. Nf3 Nd7 7. h4 h6 8. h5 Bh7 9. Bd3 Bxd3 10. Qxd3 e6 11. c4 Ngf6 12. Bd2 Be7 13. Ne4 O-O 14. O-O-O b5 15. Nxf6+ Nxf6 16. cxb5 cxb5 17. Qxb5 Rb8 18. Qd3 Qb6 19. Bc3 Rfc8 20. Rd2 Nd5 21. Kd1 Nxc3+ 22. bxc3 Qb1+ 0-1


[Site "https://www.chess.com"]

[Event "Titled Tuesday Blitz July 4 Early 2023"]
[White "Kirillov, Dmitry"]
[Black "Fisher_TheGalactic"]
[WhiteFideId "34180572"]
[WhiteElo "2516"]
[BlackElo "2617"]
[Result "0-1"]
[Round "8"]
[TimeControl "180+2"]
[Date "2023.07.04"]
[WhiteClock "0:00:08"]
[BlackClock "0:01:38"]
[Board "71"]

1. d4 d5 2. c4 e6 3. Nc3 Nf6 4. cxd5 exd5 5. Bg5 Be7 6. e3 O-O 7. Qc2 h6 8. Bh4 c6 9. Bd3 Nbd7 10. Nf3 Re8 11. O-O Nf8 12. Ne5 Ng4 13. Bg3 Nxe5 14. dxe5 Bh4 15. f4 Bxg3 16. hxg3 d4 17. exd4 Qxd4+ 18. Kh2 Bg4 19. Be2 Bxe2 20. Qxe2 Rad8 21. Rad1 Qb4 22. Ne4 Ng6 23. a3 Qe7 24. Nd6 Rxd6 25. Rxd6 Qxd6 26. Qg4 Qe6 27. Qh5 Ne7 28. g4 Nd5 29. g3 Ne3 30. Re1 Nxg4+ 31. Kg2 g6 32. Qh4 h5 33. Rd1 Ne3+ 0-1


[Site "https://www.chess.com"]

[Event "Titled Tuesday Blitz July 4 Early 2023"]
[White "Borgaonkar Akshay"]
[Black "Shubenkova, Veronika"]
[WhiteFideId "25639110"]
[BlackFideId "44124040"]
[WhiteElo "2617"]
[BlackElo "2514"]
[Result "0-1"]
[Round "8"]
[TimeControl "180+2"]
[Date "2023.07.04"]
[WhiteClock "0:00:06"]
[BlackClock "0:01:33"]
[Board "72"]

1. d4 d5 2. Nc3 e6 3. Bf4 Bd6 4. e3 f5 5. Bd3 Nf6 6. Nge2 O-O 7. f3 c6 8. h4 Qc7 9. Qd2 e5 10. dxe5 Bxe5 11. O-O-O b5 12. Rdg1 a5 13. g4 fxg4 14. fxg4 Bxg4 15. Nd4 Qe7 16. Bf5 Bxd4 17. Bxg4 Bxc3 18. Qxc3 b4 19. Qd3 Na6 20. Bf5 Nc5 21. Qd4 Nce4 22. h5 c5 23. Qe5 Qxe5 24. Bxe5 Rae8 25. Bf4 Kh8 26. Rh2 d4 27. exd4 cxd4 28. Rhg2 Nxh5 29. Bxe4 Nxf4 30. Bd3 Nxg2 31. Rxg2 Rf4 32. b3 Re5 33. Rh2 h6 34. Kb2 Rf6 35. Rh4 Rd6 36. Rf4 g5 37. Rf7 Kg8 38. Bc4 Kh8 39. Bd3 g4 40. Rf4 Rg5 41. Bb5 Rxb5 42. Rxg4 Rg5 43. Re4 h5 44. a4 Rg4 45. Re5 Rh6 46. Rxa5 h4 47. Ra8+ Rg8 48. Ra7 h3 49. Rb7 h2 50. Rxb4 h1=Q 51. Rc4 d3 52. cxd3 Rh2+ 53. Ka3 Qa1+ 54. Kb4 Rb8+ 55. Ka5 Qe5+ 56. Ka6 Rh6+ 57. Ka7 Rh7+ 58. Ka6 Ra8+ 59. Kb6 Qa5+ 60. Kc6 0-1


[Site "https://www.chess.com"]

[Event "Titled Tuesday Blitz July 4 Early 2023"]
[White "Korkmaz, Necmettin"]
[Black "Burmakin, Vladimir"]
[WhiteFideId "6303285"]
[BlackFideId "4105109"]
[WhiteElo "2514"]
[BlackElo "2617"]
[Result "0-1"]
[Round "8"]
[TimeControl "180+2"]
[Date "2023.07.04"]
[WhiteClock "0:00:45"]
[BlackClock "0:00:42"]
[Board "73"]

1. e4 c6 2. d4 d5 3. e5 Bf5 4. Nd2 e6 5. Nb3 Nd7 6. Nf3 h6 7. Be2 Ne7 8. O-O Bh7 9. Re1 Ng6 10. a4 a5 11. c3 Be7 12. Be3 O-O 13. Nc1 c5 14. Nd3 b6 15. g3 Qb8 16. h4 Rc8 17. h5 Ngf8 18. Qd2 cxd4 19. Nxd4 Nxe5 20. Bf4 Bd6 21. Nb5 Nc4 22. Qc1 Bxf4 23. Nxf4 Nd6 24. Bd3 Bxd3 25. Nxd3 Nxb5 26. axb5 Nd7 27. Qd1 Qd6 28. Qg4 Rc4 29. f4 Rac8 30. Rad1 Nf6 31. Qf3 Re4 32. Kg2 Qd7 33. g4 Rxe1 34. Rxe1 Qxb5 35. g5 hxg5 36. fxg5 Ne4 37. h6 Nxg5 38. Qg3 gxh6 39. Rh1 Kg7 40. Rh5 f6 41. Qe3 Qc4 42. Nf4 Qe4+ 43. Qxe4 dxe4 44. Kf2 f5 45. Rh1 Rd8 46. Rg1 Kf6 47. Ke3 e5 48. Nh5+ Kg6 49. Ng3 f4+ 0-1


[Site "https://www.chess.com"]

[Event "Titled Tuesday Blitz July 4 Early 2023"]
[White "Fantastic_Power"]
[Black "Filgueira, Hernan"]
[BlackFideId "101770"]
[WhiteElo "2511"]
[BlackElo "2615"]
[Result "1-0"]
[Round "8"]
[TimeControl "180+2"]
[Date "2023.07.04"]
[WhiteClock "0:00:07"]
[BlackClock "0:00:21"]
[Board "74"]

1. e4 d5 2. exd5 Qxd5 3. Nc3 Qd6 4. d4 c6 5. Bc4 Nf6 6. Nf3 Bg4 7. Be3 e6 8. h3 Bh5 9. g4 Bg6 10. Ne5 Nbd7 11. f4 Nxe5 12. fxe5 Qb4 13. Bb3 Ne4 14. a3 Qa5 15. O-O Nxc3 16. Qd2 h5 17. g5 O-O-O 18. bxc3 c5 19. Rfd1 Bf5 20. Kh2 cxd4 21. cxd4 Qxd2+ 22. Rxd2 Be7 23. c4 b6 24. d5 exd5 25. cxd5 Rd7 26. d6 Bd8 27. Ba4 Kb8 28. Bxd7 Bxd7 29. Rf1 Be6 30. Rdf2 Rf8 31. g6 f6 32. exf6 Bxf6 33. Bd4 Bxd4 34. Rxf8+ Kb7 35. Rd1 Be5+ 36. Kg2 Bd7 37. Rf7 Kc8 38. Rc1+ Kd8 39. Rf8+ Be8 40. Rxe8+ Kxe8 41. Re1 Kd7 42. Rxe5 Kxd6 43. Rxh5 1-0


[Site "https://www.chess.com"]

[Event "Titled Tuesday Blitz July 4 Early 2023"]
[White "Sadykov, Ramil"]
[Black "Pham, Le Thao Nguyen"]
[WhiteFideId "24113590"]
[BlackFideId "12401226"]
[WhiteElo "2610"]
[BlackElo "2504"]
[Result "0-1"]
[Round "8"]
[TimeControl "180+2"]
[Date "2023.07.04"]
[WhiteClock "0:00:07"]
[BlackClock "0:00:20"]
[Board "75"]

1. d4 d5 2. Nf3 Nf6 3. g3 c6 4. Bg2 Bf5 5. c4 e6 6. O-O Nbd7 7. Nc3 h6 8. Nd2 Nb6 9. cxd5 exd5 10. f3 Be7 11. Nb3 O-O 12. e4 dxe4 13. fxe4 Be6 14. Nc5 Bxc5 15. dxc5 Nc4 16. b3 Ne5 17. Bf4 Qxd1 18. Rfxd1 Nfd7 19. b4 Rfe8 20. b5 f6 21. bxc6 bxc6 22. Rd6 Nxc5 23. Bxe5 fxe5 24. Rxc6 Rac8 25. Rd6 Nb7 26. Rxe6 Rxe6 27. Bh3 Rec6 28. Bxc8 Rxc8 29. Nd5 Rc2 30. a4 Nc5 31. a5 Nxe4 32. a6 Ng5 33. Rb1 Ra2 34. Nc7 Nf3+ 35. Kf1 Nd2+ 0-1


[Site "https://www.chess.com"]